 Dungeon Crawl Stone Soup version 0.31-a0-229-g1fc7ce93e2 (webtiles) character file.

Game seed: 14306600901158252926

149 qw the Shooter (level 5, -3/44 (45) HPs)
             Began as a Minotaur Hexslinger on July 6, 2023.
             Slain by a hobgoblin (5 damage)
             ... led by Robin
             ... on level 3 of the Dungeon.
             The game lasted 00:00:45 (1778 turns).

qw the Shooter (Minotaur Hexslinger)                Turns: 1778, Time: 00:00:46

HP:   -3/44 (45)    AC:  3    Str: 12    XL:     5   Next: 9%
MP:   5/5           EV: 12    Int: 10    God:
Gold: 146           SH:  0    Dex: 15    Spells: 5/6 levels left

rFire   + . .        Y - +1 sling
rCold   + . .        (no shield)
rNeg    . . .        e - +0 leather armour
rPois   .            (helmet restricted)
rElec   .            (no cloak)
rCorr   .            (no gloves)
SInv    .            (no boots)
Will    .....        i - amulet of faith
Stlth   +            d - ring of protection from fire
HPRegen 0.27/turn    h - ring of protection from cold
MPRegen 0.09/turn

%: faith
@: lightly drained
A: horns 2, retaliatory headbutt
a: no special abilities


You were on level 3 of the Dungeon.
You visited 1 branch of the dungeon, and saw 3 of its levels.

You collected 146 gold pieces.


Innate Abilities, Weirdness & Mutations

You have a pair of horns on your head.
You reflexively headbutt those who attack you in melee.


   Skills:
 - Level 3.2 Fighting
 + Level 5.1 Ranged Weapons
 - Level 2.1 Dodging
 - Level 1.0 Spellcasting
 - Level 2.0 Hexes


You had 5 spell levels left.
You knew the following spells:

 Your Spells              Type           Power      Damage    Failure   Level
a - Slow                  Hex            16%        N/A       19%         1

Your spell library contained the following spells:

 Spells                   Type           Power      Damage    Failure   Level
 Inner Flame              Hex/Fire       2%         N/A       65%         3
 Portal Projectile        Hex/Tloc       4%         N/A       65%         3
 Cause Fear               Hex            2%         N/A       88%         4

Inventory:

Hand Weapons
 Y - a +1 sling (weapon)
Armour
 a - a +0 ring mail
 e - a +0 leather armour (worn)
Jewellery
 d - a ring of protection from fire (left hand)
 h - a ring of protection from cold (right hand)
 i - an amulet of faith (around neck)
Scrolls
 k - a scroll of vulnerability {unknown}
Potions
 b - a potion of resistance
 c - a potion of degeneration {unknown}
 f - a potion of haste {unknown}
 g - a potion of brilliance {unknown}
 j - a potion of ambrosia {unknown}

Dungeon Overview and Level Annotations

Branches:
Dungeon (3/15)

Altars:

Shops:
D:1 [

Annotations:
D:3 Robin


Message History

The goblin barely misses you.
A goblin comes into view. It is wielding a +0 dagger.
The goblin hits you with a +0 dagger. The hobgoblin barely misses you.
You furiously retaliate!
You headbutt the hobgoblin, but do no damage.
The goblin moves out of view.
The hobgoblin moves out of view.
You shoot a sling bullet. The goblin shouts!
The sling bullet hits the worm!
You kill the worm!
The goblin barely misses you. x2
Robin roars a battlecry!
The goblins go into a battle-frenzy!
The hobgoblin misses you.
The goblin shouts!
You hear a shout!
You shoot a sling bullet.
The sling bullet closely misses the goblin.
The goblin closely misses you. You furiously retaliate!
You headbutt the goblin, but do no damage.
The goblin hits you with a +0 dagger. Robin barely misses you.
The hobgoblin hits you.
You shoot a sling bullet.
The sling bullet closely misses the goblin.
The goblin barely misses you. You furiously retaliate!
You headbutt the goblin!
You kill the goblin!
The goblin hits you with a +0 dagger. Robin throws the goblin at you!
The hobgoblin misses you.
You shoot a sling bullet.
The sling bullet barely misses the hobgoblin.
The sling bullet barely misses Robin.
The sling bullet completely misses the goblin.
The goblin hits you but does no damage.
You feel drained. The hobgoblin hits you.
The goblin hits you but does no damage.
Robin hits you from afar with a +0 spear.
The hobgoblin hits you.
You shoot a sling bullet. The sling bullet hits the hobgoblin!
You kill the hobgoblin!
The goblin barely misses you. The goblin misses you.
Robin throws the goblin at you! The hobgoblin hits you.
You die...

#.........# #.........#
#.........###
#.........##.
##.....)......
##..........##. .
######...........#..
....#.ggg..............#
......g@...#.........###
......S#####...))....#
.....g. ........########
...gg## #.#####.# #...
...)g #..< #.#####...
.... .....#...>..... .%.
............#... ...
.......#.#......
##....##.#......


You could see Robin, 2 hobgoblins, 5 goblins and a ball python.

Vanquished Creatures
  An orc priest (D:3)
  Terence (D:2)
  3 adders
  2 worms
  2 dart slugs
  3 orcs (D:3)
  4 bats
  4 endoplasms
  A giant cockroach (D:3)
  8 goblins
  8 hobgoblins
  5 kobolds
  3 quokkas
  3 ball pythons
  3 frilled lizards
  4 rats
55 creatures vanquished.

Notes
Turn   | Place    | Note
-------+----------+-------------------------------------------
     0 | D:1      | qw the Minotaur Hexslinger began the quest for the Orb.
     0 | D:1      | Reached XP level 1. HP: 16/16 MP: 1/1
     0 | D:1      | 0 ||| qw: Version: 0.3-a-46-gb1f654a
     0 | D:1      | 0 ||| qw: Game counter: 1347
     0 | D:1      | 0 ||| qw: Melee chars always use a shield: true
     0 | D:1      | 0 ||| qw: God list: Okawaru
     0 | D:1      | 0 ||| qw: Allow faded altars: false
     0 | D:1      | 0 ||| qw: Do Orc after clearing Dungeon:15 true
     0 | D:1      | 0 ||| qw: Do second Lair branch before Depths: true
     0 | D:1      | 0 ||| qw: Lair rune preference: random
     0 | D:1      | 0 ||| qw: Goals: Normal
     0 | D:1      | 0 ||| PLANNING D:1-11
    55 | D:1      | Found Pipasuf's Armour Shop.
    62 | D:1      | 62 ||| SHOPLISTING +0 leather armour (20 gold, have 0).
    62 | D:1      | 62 ||| SHOPLISTING +0 pair of gloves (45 gold, have 0).
    62 | D:1      | 62 ||| SHOPLISTING +0 ring mail (40 gold, have 0).
   268 | D:1      | Reached skill level 3 in Ranged Weapons
   416 | D:1      | Reached XP level 2. HP: 17/23 MP: 2/2
   721 | D:1      | 721 ||| UPGRADING to +0 leather armour.
   731 | D:1      | 731 ||| DROPPING +0 robe.
   732 | D:1      | 732 ||| UPGRADING to ring of protection from fire.
   733 | D:1      | 733 ||| UPGRADING to ring of protection from cold.
   734 | D:1      | 734 ||| READING scroll labelled FIYLYTISKA.
   735 | D:1      | 735 ||| READING scroll labelled TUCKIN RIFFIA.
   736 | D:1      | 736 ||| DROPPING scroll of poison.
   752 | D:2      | Noticed Terence
   760 | D:2      | Killed Terence
   761 | D:2      | Reached skill level 3 in Fighting
   761 | D:2      | Reached XP level 3. HP: 15/31 MP: 3/3
   974 | D:2      | 974 ||| FLEEEEING.
   975 | D:2      | 975 ||| FLEEEEING.
   976 | D:2      | 976 ||| FLEEEEING.
   977 | D:2      | 977 ||| FLEEEEING.
   978 | D:2      | 978 ||| FLEEEEING.
   979 | D:2      | 979 ||| FLEEEEING.
   980 | D:2      | 980 ||| FLEEEEING.
   981 | D:2      | 981 ||| FLEEEEING.
   982 | D:2      | 982 ||| FLEEEEING.
   983 | D:2      | 983 ||| FLEEEEING.
   996 | D:2      | Reached XP level 4. HP: 30/38 MP: 4/4
  1207 | D:2      | Reached skill level 4 in Ranged Weapons
  1260 | D:2      | Identified the +3 mace "Toreawk" {heavy, Int+4}
  1316 | D:2      | 1316 ||| UPGRADING to amulet of faith.
  1321 | D:2      | 1321 ||| READING scroll labelled DET DUQOGIL.
  1322 | D:2      | 1322 ||| DRINKING 2 cyan potions.
  1575 | D:3      | HP: 9/38 [orc priest/+0 mace (1)]
  1577 | D:3      | HP: 3/38 [orc priest/+0 mace (7)]
  1760 | D:3      | Reached skill level 5 in Ranged Weapons
  1760 | D:3      | Reached XP level 5. HP: 45/45 MP: 5/5
  1762 | D:3      | Noticed Robin
  1777 | D:3      | HP: 9/44 [hobgoblin[Robin] (3)]
  1777 | D:3      | HP: 2/44 [hobgoblin[Robin] (3)]
  1778 | D:3      | Slain by a hobgoblin

Levels and vault maps discovered:
D:1:      minmay_arrival_stair_chambers, layout_basic, serial_shops,
          nicolae_shop_gibbet_a_chance, serial_forest,
          infiniplex_forest_straight_4, infiniplex_forest_lined_ring,
          infiniplex_forest_zigzag_2, infiniplex_forest_corner_1,
          infiniplex_forest_clump_long, infiniplex_forest_lined_corner,
          infiniplex_forest_straight_2, infiniplex_forest_straight_3
D:2:      layout_rooms, uniq_terence
D:3:      layout_rooms, serial_shops, shop, grunt_decor_fettered,
          small_statue_alley_b, uniq_natasha, uniq_robin

Skill      XL: |  1  2  3  4 |
---------------+-------------+-----
Ranged Weapons | 3 5 |  5.1
Fighting       | 3 |  3.2
Dodging        | |  2.1
Spellcasting   | |  1.0
Hexes          | |  2.0

Action                     |  1- 3 |  4- 6 || total
---------------------------+-------+-------++-------
   Fire: Sling             |    88 |    95 ||   183
    Use: Scroll            |     2 |     1 ||     3
         Potion            |       |     1 ||     1
 Armour: Robe              |     1 |       ||     1
         Leather armour    |     5 |    14 ||    19
  Dodge: Dodged            |    19 |    62 ||    81

Table legend:
 A = Non-vault XP
 B = Vault XP
 C = Vault XP percentage of total XP
 D = Non-vault monster count
 E = Vault monster count
 F = Vault count percentage of total count
                 A         B        C        D         E       F
            +---------+---------+-------+---------+---------+-------
      Total |     169 |      47 |  21.8 |      48 |       7 |  12.7
            +---------+---------+-------+---------+---------+-------
        D:1 |      18 |       0 |   0.0 |      11 |       0 |   0.0
        D:2 |      63 |      36 |  36.4 |      22 |       1 |   4.3
        D:3 |      88 |      11 |  11.1 |      15 |       6 |  28.6
            +---------+---------+-------+---------+---------+-------
